 Dungeon Crawl Stone Soup version 0.15.2 (webtiles) character file.

2982 HAWKINGL3623 the Covered (level 9, -15/79 (82) HPs)
             Began as a Deep Dwarf Fighter on Feb 9, 2016.
             Was a Follower of Elyvilon.
             Demolished by a goliath beetle (24 damage)
             ... on Level 8 of the Dungeon.
             The game lasted 00:47:30 (7725 turns).

HAWKINGL3623 the Covered (Deep Dwarf Fighter)       Turns: 7725, Time: 00:47:30

HP -15/79 (82)   AC  7     Str 23      XL: 9   Next: 53%
MP   9/9         EV  7     Int  9      God: Elyvilon [*.....]
Gold 464         SH 10     Dex 10 (12) Spells:  0 memorised,  8 levels left

rFire  . . .     SeeInvis +     a - +0 war axe
rCold  + . .     Clarity  .     b - +0 scale mail
rNeg   . . .     rCorr    .     c - +0 shield
rPois  .         rRot     .     (no helmet)
rElec  .         Spirit   .     (no cloak)
SustAb .         Warding  .     (no gloves)
rMut   .         Stasis   .     (no boots)
Gourm  .                        (no amulet)
MR     +....                    m - ring of flight
                                l - ring of see invisible

@: non-regenerating, somewhat resistant to hostile enchantments, extremely
unstealthy
A: damage resistance, recharge devices, cold resistance 1, sense surroundings 2,
slow healing 3
a: Device Recharging, Lesser Healing, Lesser Self-Healing, Divine Protection,
Renounce Religion, Evoke Flight


You were on level 8 of the Dungeon.
You worshipped Elyvilon.
Elyvilon was aware of your devotion.
You were not hungry.

You visited 2 branches of the dungeon, and saw 9 of its levels.

You collected 464 gold pieces.

Inventory:

Hand weapons
 a - a +0 war axe (weapon)
 i - a +0 short sword of speed
 s - a +0 blowgun
Missiles
 t - 8 poisoned needles
Armour
 b - a +0 scale mail (worn)
 c - a +0 shield (worn)
Magical devices
 d - a wand of heal wounds (0)
 n - a wand of fire (7)
 o - a wand of flame (6)
 r - a wand of digging (12)
 v - a wand of flame (8)
Comestibles
 f - 10 bread rations
 g - 7 meat rations
 z - 5 fruits
Scrolls
 h - a scroll of magic mapping
 j - 5 scrolls of remove curse
 p - 3 scrolls of identify
 q - a scroll of fear
Jewellery
 l - a ring of see invisible (left hand)
 m - a ring of flight (right hand)
 u - an uncursed ring of protection from fire
 x - an uncursed ring of protection from magic {unknown}
 y - a +4 ring of strength {unknown}
Potions
 e - a potion of might
 k - a potion of restore abilities
 w - a potion of berserk rage


   Skills:
 + Level 5.8 Fighting
 + Level 5.9(6.0) Axes
   Level 1.2(3.3) Polearms
 + Level 0.6 Throwing
 + Level 7.0 Armour
 + Level 6.7 Dodging
 + Level 2.3 Stealth
 + Level 6.7 Shields
 + Level 2.3 Invocations
 + Level 3.2 Evocations


You had 8 spell levels left.
You didn't know any spells.

Dungeon Overview and Level Annotations

Branches:
Dungeon (8/15)             Temple (1/1) D:4
   Lair: D:8-11

Altars:
Ashenzari
Cheibriados
Dithmenos
Elyvilon
Fedhas
Kikubaaqudgha
Makhleb
Nemelex Xobeh
Okawaru
Qazlal
Sif Muna
Trog
Vehumet
Xom
Yredelemnul
The Shining One


Innate Abilities, Weirdness & Mutations

You are resistant to damage.
You can recharge devices by infusing magical energy.
You passively map the area around you.
You do not heal naturally.
Your flesh is cold resistant.


Message History

You kill the hound!
You see here a hound corpse.
A goliath beetle comes into view.
The goliath beetle twitches its antennae in your direction.
You hit the goliath beetle but do no damage.
The goliath beetle completely misses you.
You hit the goliath beetle.
The goliath beetle is lightly wounded.
The goliath beetle waves its antennae.
You block the goliath beetle's attack.
You hit the goliath beetle but do no damage.
The goliath beetle is lightly wounded.
You hit the goliath beetle but do no damage.
The goliath beetle is lightly wounded.
The goliath beetle bites you!!
* * * LOW HITPOINT WARNING * * *
You hit the goliath beetle but do no damage.
The goliath beetle is lightly wounded.
The goliath beetle bites you!!
You die...

.####.######.......#
...................#
#####.#####........#
#..# #........#
#..####.#.....##
#..##...####.##
#####%.##.##* #.#
..........## #B#
...........#####@#
........##.......#
........#######..#
........# #..#
.......## ####
########


You could see a goliath beetle.

Vanquished Creatures
  Joseph (D:8)
  The ghost of HAWKINGL3623 the Chucker, an average HOHu of Trog (D:7)
  A spriggan (D:7)
  A hippogriff (D:7)
  2 phantoms (D:7)
  An ogre (D:5)
  A sky beast (D:5)
  A necrophage (D:6)
  2 centaurs (D:5)
  Sigmund (D:5)
  A giant frog (D:6)
  2 scorpions
  10 killer bees
  A crimson imp (D:6)
  An elf zombie (D:7)
  A goliath beetle (D:6)
  2 jellies
  A giant frog skeleton (D:4)
  5 hounds
  A quasit (D:8)
  7 worker ants
  3 iguanas
  A worker ant zombie (D:7)
  5 adders
  4 gnolls
  A shadow imp (D:6)
  2 giant mites
  2 worms
  An adder zombie (D:8)
  3 giant geckos
  13 orcs
  A bat skeleton (D:6)
  A bat zombie (D:6)
  A gnoll zombie (D:5)
  9 goblins
  19 hobgoblins
  4 jackals (D:2)
  12 kobolds
  5 quokkas
  10 bats
  5 giant cockroaches
  2 giant newts
  11 rats
  2 rat skeletons (D:6)
161 creatures vanquished.

Notes
Turn   | Place    | Note
--------------------------------------------------------------
     0 | D:1      | HAWKINGL3623, the Deep Dwarf Fighter, began the quest for the Orb.
     0 | D:1      | Reached XP level 1. HP: 20/20 MP: 1/1
   299 | D:1      | Reached XP level 2. HP: 27/27 MP: 2/2
   971 | D:1      | Reached XP level 3. HP: 34/34 MP: 3/3
  1444 | D:2      | Found an ancient bone altar of Kikubaaqudgha.
  1512 | D:2      | Reached skill level 1 in Dodging
  2106 | D:3      | Reached XP level 4. HP: 29/42 MP: 4/4
  2306 | D:3      | Reached skill level 4 in Shields
  2450 | D:3      | Found a stormy altar of Qazlal.
  2670 | D:3      | Reached skill level 1 in Stealth
  2935 | D:4      | Found a deep blue altar of Sif Muna.
  2946 | D:4      | Found a shattered altar of Ashenzari.
  2991 | D:4      | Reached XP level 5. HP: 42/49 MP: 5/5
  3010 | D:4      | Found a staircase to the Ecumenical Temple.
  3080 | Temple   | Entered the Ecumenical Temple
  3745 | D:5      | Entered Level 5 of the Dungeon
  3773 | D:5      | Found a white marble altar of Elyvilon.
  3782 | D:5      | Became a worshipper of Elyvilon the Healer
  3867 | D:5      | Noticed a centaur
  3878 | D:5      | Killed a centaur
  3878 | D:5      | Reached XP level 6. HP: 38/57 MP: 4/6
  3954 | D:5      | Noticed an ogre
  4310 | D:5      | Killed an ogre
  4507 | D:5      | Noticed a sky beast
  4521 | D:5      | Killed a sky beast
  4521 | D:5      | Reached skill level 1 in Polearms
  4521 | D:5      | Reached XP level 7. HP: 32/64 MP: 5/7
  4551 | D:5      | Noticed Sigmund
  4565 | D:5      | Killed Sigmund
  4565 | D:5      | Reached skill level 1 in Evocations
  4631 | D:5      | Reached skill level 1 in Invocations
  4786 | D:5      | Reached skill level 5 in Shields
  5042 | D:6      | Reached skill level 5 in Armour
  6115 | D:6      | Reached XP level 8. HP: 34/70 MP: 8/8
  6168 | D:7      | Noticed HAWKINGL3623's ghost (average HOHu)
  6204 | D:7      | Killed HAWKINGL3623's ghost
  6204 | D:7      | Reached skill level 6 in Armour
  6382 | D:7      | Reached skill level 5 in Fighting
  6385 | D:7      | Reached skill level 5 in Dodging
  6666 | D:7      | Reached skill level 5 in Axes
  6718 | D:7      | Gained mutation: You passively map the area around you. [level up]
  6718 | D:7      | Reached XP level 9. HP: 58/78 MP: 9/9
  6874 | D:7      | Found an iron altar of Okawaru.
  7227 | D:8      | Gained mutation: Your flesh is cold resistant. [potion of beneficial mutation]
  7266 | D:8      | Acquired Elyvilon's first power
  7417 | D:8      | Found a basalt altar of Yredelemnul.
  7498 | D:8      | Noticed Joseph
  7520 | D:8      | Killed Joseph
  7520 | D:8      | Reached skill level 7 in Armour
  7725 | D:8      | Demolished by a goliath beetle

Action                   |  1- 3 |  4- 6 |  7- 9 || total
-------------------------+-------+-------+-------++-------
Melee: War axe           |    89 |   115 |   383 ||   587
       Spear             |    68 |    91 |     9 ||   168
       Short sword       |    14 |       |       ||    14
       Scythe            |       |       |    15 ||    15
 Fire: Blowgun           |       |       |    12 ||    12
Invok: Lesser Healing    |       |     6 |    12 ||    18
       Lesser Self-Heali |       |       |     1 ||     1
 Abil: Evoke Flight      |       |     1 |       ||     1
       Device Recharging |       |       |     4 ||     4
Evoke: Wand              |     1 |     5 |    28 ||    34
  Use: Potion            |     4 |     3 |     9 ||    16
       Scroll            |     6 |     6 |     6 ||    18
  Eat: Chunk             |     4 |     4 |     6 ||    14
       Bread ration      |       |     1 |       ||     1
       Fruit             |       |       |     2 ||     2
       Royal jelly       |       |       |     1 ||     1
       Meat ration       |       |       |     1 ||     1
